cohdb
Replays
Latest Replays
All Replays
Popular Replays
Top Player Replays
Match Explorer
How It Works
Community
CoH3 Stats
Reddit
Sign in to upload your games and track your stats! →
Sign in with Steam
Match 43808384
Unlisted
Match 43808384
Overview
Messages
Build Orders
End
Construct Infanterie Kompanie
MG 42 Machine Gun Team
Grenadier Squad
Grenadier Squad
Construct Luftwaffe Kompanie
Selects Mechanized Battlegroup
Selects Mobile Repair Stations
221 Scout Car
Jäger Squad
Jäger Squad
Support Elements
Selects Raid Package
Wirbelwind Flakpanzer
Selects StuG Assault Group
StuG Assault Group
Construct Panzer Kompanie
Selects UNKNOWN (2160084)
Panther Heavy Tank
Medical Bunker
Jäger Squad
Panther Heavy Tank
Selects Wespe Self-propelled Artillery
Selects Zeroing Artillery Barrage
221 Scout Car
Blackoutt78
{SIN7}Pattyrickroll
ROCKETS
Badam
Serial Chiller
Kaiser
kevke
BDGPrOZ
0
0
Comments
sign in to comment!
No comments posted yet!